Cogmind - Beta 17.1 @@@ ROGUE MODE // 2026.09.10 @ 16:23:42 Player: OG DANIEL Result: Self-destructed Performance ------------- Evolutions (2) 1000 Regions Visited (3) 600 Robots Destroyed (50) 250 Value Destroyed (1252) 1252 Prototype IDs (2) 40 Alien Tech Used (0) 0 Bonus (0) 0 TOTAL SCORE: 3142 Bonus ------- None Cogmind --------- Core Integrity 289/550 Matter 239/300 Energy 100/100 System Corruption 0% Temperature Cool (0) Movement Walking (175) Ox1 Location -8/Materials Parts ------- > --- POWER (1) -------- (None) > --- PROPULSION (4) --- Aluminum Leg Aluminum Leg Aluminum Leg > --- UTILITY (4) ------ Large Storage Unit > --- WEAPON (2) ------- Heavy Assault Rifle Improved Light Cannon > --- INVENTORY (15) --- Aluminum Leg Compact Wheel Medium Laser Light Cannon Light Cannon Mining Laser Peak State ------------ > --- POWER ------------ Light Nuclear Core > --- PROPULSION ------- Aluminum Leg Aluminum Leg Improved Aluminum Leg Improved Aluminum Leg > --- UTILITY ---------- Large Storage Unit Tractor Beam > --- WEAPON ----------- Beam Rifle Light Cannon > --- INVENTORY -------- Light Ion Engine Light Nuclear Core Aluminum Leg Aluminum Leg Aluminum Leg Aluminum Leg Aluminum Leg Compact Wheel Compact Wheel Improved Heat Sink Light Armor Plating Medium Laser Beam Rifle Light Cannon Mining Laser [Rating: 16] Favorites ----------- Power Light Nuclear Core Engine Light Ion Engine Power Core Light Nuclear Core Propulsion Aluminum Leg Leg Aluminum Leg Wheel Compact Wheel Utility Large Storage Unit Device Tractor Beam Storage Large Storage Unit Protection Light Armor Plating Weapon Light Cannon Energy Gun Beam Rifle Ballistic Gun Assault Rifle Ballistic Cannon Light Cannon Build | -11 -10 -9 -8 ------- Run | Yrd Mat Mat Mat Slots Evolved 4 | . . 2 2 Power . | . . . . Propulsion 2 | . . 2 . Utility 2 | . . . 2 Weapon . | . . . . Parts Attached 40 | 7 13 9 11 Power 9 | 2 3 2 2 Engine 6 | 2 1 1 2 Core 3 | . 2 1 . Reactor . | . . . . Propulsion 14 | 2 3 5 4 Treads . | . . . . Leg 12 | . 3 5 4 Wheel 2 | 2 . . . Hover . | . . . . Flight . | . . . . Utility 6 | 1 3 . 2 Device 2 | . 1 . 1 Storage 3 | 1 2 . . Processor . | . . . . Hackware . | . . . . Protection 1 | . . . 1 Artifact . | . . . . Weapon 11 | 2 4 2 3 Energy Gun 5 | 1 1 2 1 Energy Cannon . | . . . . Ballistic Gun 2 | 1 . . 1 Ballistic Cannon 4 | . 3 . 1 Launcher . | . . . . Special Weapon . | . . . . Impact Weapon . | . . . . Slashing Weapon . | . . . . Piercing Weapon . | . . . . Special Melee Weapon . | . . . . Unidentified Prototypes . | . . . . Parts Lost 18 | . 3 2 13 Power 5 | . 1 1 3 Propulsion 5 | . . . 5 Utility 4 | . 1 . 3 Weapon 4 | . 1 1 2 Highest Loss Streak 6 | . 2 1 6 To Critical Strikes . | . . . . Average Backups 11 | 4 10 12 10 Power 1 | . 1 1 1 Propulsion 5 | 2 5 5 4 Utility . | . . 1 . Weapon 3 | . 3 3 4 Tool/Special . | . . . . Unused Backups 8 | . 2 4 2 Power 3 | . . 3 . Propulsion 3 | . 2 . 1 Utility 1 | . . 1 . Weapon 1 | . . . 1 Tool/Special . | . . . . Average Slot Usage (%) 93 | . 95 99 75 Engine 3 | . 5 . 8 Core 7 | . 7 10 . Leg 31 | . 16 43 30 Wheel 4 | . 12 . . Device 6 | . 1 11 7 Storage 15 | . 23 11 9 Energy Gun 9 | . 10 7 8 Ballistic Gun 5 | . 6 6 . Ballistic Cannon 8 | . 10 7 8 Peak Build Rating 16 | 6 10 16 16 Average Rating 11 | 4 8 13 13 On Entrance 7 | . 6 10 13 Avg Prop Armor Cover (%) 11 | . . 11 9 Naked Turns . | . . . . Heaviest Build 37 | 14 31 32 37 Greatest Support 36 | 32 32 36 26 Greatest Overweight (x) 1 | . 1 1 1 Average Overweight (x) . | . . . . Largest Inventory Capacity 15 | 8 15 15 15 Average Capacity 14 | 7 14 15 15 Most Carried 15 | 7 14 15 13 Average Carried 11 | 4 10 12 10 Final Capacity 15 | 8 15 15 15 Final Carried 14 | 7 13 14 6 Class Distribution -------------------- 52% | Mutant 47% | Scavenger-Mutant Dominant Class ---------------- Mutant | -10/Materials Scavenger-Mutant | -9/Materials Scavenger-Mutant | -8/Materials Resources | -11 -10 -9 -8 ----------- Run | Yrd Mat Mat Mat Matter Collected 1243 | 193 517 369 164 Remotely 413 | . 28 369 16 Salvage Created 1443 | 29 591 627 196 Parts 84 | 2 29 39 14 Haulers Intercepted 1 | . . 1 . Recyclers Shooed 5 | . 4 1 . Parts Field Recycled . | . . . . Retrieved Matter . | . . . . Parts Self-Destructed . | . . . . Prevented . | . . . . Parts Restored . | . . . . Kills | -11 -10 -9 -8 ------- Run | Yrd Mat Mat Mat Combat Hostiles Destroyed 37 | . 12 17 8 Guns 15 | . 3 9 3 Cannons 20 | . 7 8 5 AOE 2 | . 2 . . Classes Destroyed 11 | 1 5 4 1 Worker 4 | . 2 2 . Builder 1 | . . 1 . Tunneler 2 | 1 . 1 . Hauler 1 | . . 1 . Recycler 3 | . 3 . . Watcher 2 | . 2 . . Swarmer 10 | . 3 3 4 Grunt 21 | . 9 11 1 Brawler 1 | . . 1 . Sentry 4 | . . 2 2 Specialist 1 | . . . 1 Best Kill Streak 11 | 1 6 11 3 Combat Bots Only 8 | . 5 8 3 Max Kills in Single Turn 2 | 1 2 1 1 Gunslinging . | . . . . Exploded 2 | . 2 . . Melee . | . . . . Uniques/NPCs Destroyed . | . . . . Combat | -11 -10 -9 -8 -------- Run | Yrd Mat Mat Mat Hostile Shots Fired 305 | . 78 74 153 Missed 68 | . 13 12 43 Hits 237 | . 65 62 110 Melee 2 | . . 2 . Projectile 235 | . 65 60 110 Critical Strikes 3 | . . 1 2 Damage Taken 2740 | . 677 756 1307 Core 456 | . 99 96 261 Absorbed by Shields . | . . . . Core Remaining (%) 78 | 100 60 76 . Volleys Fired 143 | 5 54 51 33 Largest 2 | 2 2 2 2 Hottest 112 | 70 90 112 93 Shots Fired 279 | 10 108 98 63 Gun 157 | 10 56 60 31 Cannon 122 | . 52 38 32 Launcher . | . . . . Special . | . . . . Kinetic 174 | 5 76 57 36 Thermal 98 | 5 25 41 27 Explosive . | . . . . Electromagnetic 7 | . 7 . . Robot Hit Streak 21 | 2 8 21 11 Robot Miss Streak 6 | 1 5 6 5 Penetration Max . | . . . . Secondary Targets 1 | . . 1 . Max Gunslinging Chain 1 | . . 1 . Shots Hit Robots 173 | 6 62 72 33 Core Hits 68 | 1 24 30 13 Critical Kills . | . . . . Critical Parts Destroyed . | . . . . Critical Strikes 4 | . . 2 2 Burn 2 | . . 1 1 Blast 2 | . . 1 1 Melee Attacks . | . . . . Impact . | . . . . Slashing . | . . . . Piercing . | . . . . Sneak Attacks . | . . . . Combat Hostiles . | . . . . Follow-up Attacks . | . . . . Damage Inflicted 2946 | 72 1090 1122 662 Guns 1294 | 72 384 595 243 Cannons 1539 | . 595 525 419 Explosions 111 | . 111 . . Melee . | . . . . Ramming 2 | . . 2 . Kinetic 1937 | 35 784 683 435 Thermal 985 | 37 284 437 227 Explosive . | . . . . Electromagnetic 22 | . 22 . . Impact . | . . . . Slashing . | . . . . Piercing . | . . . . Highest Corruption . | . . . . Average Corruption . | . . . . Corruption Purged . | . . . . Corruption Blocked . | . . . . Overload Shots . | . . . . Overflow Damage 1 | . 1 . . Projectiles 1 | . 1 . . Explosions . | . . . . Melee . | . . . . Knockbacks 26 | . 13 6 7 Impact . | . . . . Kinetic 24 | . 12 6 6 Secondary 2 | . 1 . 1 Self-Inflicted Damage . | . . . . Shots . | . . . . Rammed . | . . . . Targets Rammed 1 | . . 1 . Kicked 1 | . . 1 . Crushed . | . . . . Highest Temperature 413 | 38 204 413 148 Average Temperature 72 | 16 50 104 56 Received Heat Transfer 987 | . 264 363 360 Effects 1 | . . 1 . Interference 1 | . . 1 . Siege Activations . | . . . . Martial Activations . | . . . . Shielding Activations . | . . . . Robots Disrupted . | . . . . Combat Hostiles . | . . . . Robots Corrupted . | . . . . Combat Hostiles . | . . . . Parts Fried . | . . . . Impact Corruptions . | . . . . Robots Melted . | . . . . Combat Hostiles . | . . . . Parts Melted 4 | . . 3 1 Heat Transferred 2542 | 111 618 1184 629 Parts Sabotaged . | . . . . Parts Stolen . | . . . . Parts Stripped . | . . . . Power Chain Reactions 1 | . 1 . . Alert | -11 -10 -9 -8 ------- Run | Yrd Mat Mat Mat Maximum Alert Level 1 | . . 1 . Low Security (%) 87 | 100 100 72 100 Level 1 12 | . . 27 . Level 2 . | . . . . Level 3 . | . . . . Level 4 . | . . . . Level 5 . | . . . . High Security . | . . . . Max Security . | . . . . Peak Influence 238 | 5 148 238 79 Initial 79 | . . 50 79 Average 76 | . 65 103 47 Influence Increases 1065 | 5 376 477 207 Destroy 0b10 Robot/C 740 | . 240 340 160 Destroy 0b10 Robot/NC 65 | 5 35 25 . Destroy Leader 136 | . 44 62 30 Successful Hack 9 | . 7 2 . Disable Machine 30 | . 15 . 15 Destroy Structure 10 | . 5 3 2 Lose Combat Pursuer 75 | . 30 45 . Influence Decreases 1039 | 5 257 407 370 Entered New Map 179 | . . 69 110 Time Decay 680 | 5 227 318 130 Lost Part 180 | . 30 20 130 Squads Dispatched 5 | . 1 . 4 Investigation 1 | . 1 . . Extermination . | . . . . Reinforcement 1 | . . . 1 Assault . | . . . . Garrison 3 | . . . 3 Intercept . | . . . . Searches Triggered . | . . . . Construction Impeded . | . . . . Haulers Reinforced . | . . . . Active Scanning Responses . | . . . . Cargo Convoy Interrupts . | . . . . Stealth | -11 -10 -9 -8 --------- Run | Yrd Mat Mat Mat Distress Signals 9 | . 4 5 . Communications Jammed . | . . . . Distress Signals . | . . . . Times Spotted 57 | . 16 26 15 Peak Tracking Total 6 | . 6 5 6 Tactical Retreats 5 | . 2 3 . Traps | -11 -10 -9 -8 ------- Run | Yrd Mat Mat Mat Traps Triggered . | . . . . Indirectly . | . . . . Trap Hack Attempts . | . . . . Triggered . | . . . . Disarmed . | . . . . Reprogrammed . | . . . . Reused . | . . . . Traps Extracted . | . . . . Installed . | . . . . Triggered . | . . . . Machines | -11 -10 -9 -8 ---------- Run | Yrd Mat Mat Mat Machines Disabled 2 | . 1 . 1 Max in Single Turn 1 | . 1 . 1 Machines Repaired . | . . . . Machines Dismantled . | . . . . Machines Sabotaged . | . . . . Overloaded Fab Kills . | . . . . Hacking | -11 -10 -9 -8 --------- Run | Yrd Mat Mat Mat Machines Accessed 5 | . 3 2 . Terminals 3 | . 3 . . Fabricators . | . . . . Repair Stations 1 | . . 1 . Recycling Units . | . . . . Scanalyzers 1 | . . 1 . Garrison Access . | . . . . Total Hacks 17 | . 8 9 . Successful 9 | . 4 5 . Failed 7 | . 4 3 . Catastrophic 1 | . 1 . . Database Lockouts 1 | . . 1 . Manual 3 | . 3 . . Terminals 8 | . 8 . . Fabricators . | . . . . Repair Stations 4 | . . 4 . Recycling Units . | . . . . Scanalyzers 5 | . . 5 . Garrison Access . | . . . . Terminal Hacks 4 | . 4 . . Record 1 | . 1 . . Prototype ID Bank 1 | . 1 . . Emergency Access Points 1 | . 1 . . Alert Level 1 | . 1 . . Fabricator Hacks . | . . . . Repair Station Hacks 1 | . . 1 . Scan Component 1 | . . 1 . Recycling Unit Hacks . | . . . . Scanalyzer 4 | . . 4 . Retrieve Study 4 | . . 4 . Garrison Access Hacks . | . . . . Unauthorized Hacks . | . . . . Terminals . | . . . . Fabricators . | . . . . Repair Stations . | . . . . Recycling Units . | . . . . Scanalyzers . | . . . . Garrison Access . | . . . . Data Cores Recovered . | . . . . Used . | . . . . Hacking Detections 4 | . 3 1 . Full Trace Events 2 | . 2 . . Feedback Events . | . . . . Feedback Blocked . | . . . . Robot Schematics Acquired . | . . . . Robots Built . | . . . . Authchips . | . . . . Time . | . . . . Total Robot Build Rating . | . . . . Part Schematics Acquired . | . . . . Parts Built . | . . . . Authchips . | . . . . Time . | . . . . Total Part Build Rating . | . . . . Part Studies Acquired 3 | . . 3 . Parts Repaired . | . . . . Time . | . . . . Parts Recycled . | . . . . Recycled Matter . | . . . . Retrieved Matter . | . . . . Retrieved Components . | . . . . Parts Scanalyzed . | . . . . Part Schematics Acquired . | . . . . Parts Damaged . | . . . . Bothacking | -11 -10 -9 -8 ------------ Run | Yrd Mat Mat Mat Used RIF Installer . | . . . . Robots Hacked . | . . . . Non-combat . | . . . . Combat . | . . . . Robot Hacks Applied . | . . . . Relay Couplers Released . | . . . . Fabnet Peak Effective % . | . . . . Robots Rewired . | . . . . Allies Hacked . | . . . . Hacks Repelled . | . . . . Allies | -11 -10 -9 -8 -------- Run | Yrd Mat Mat Mat Total Allies . | . . . . Largest Group . | . . . . Highest-Rated Group . | . . . . Highest-Rated Ally . | . . . . Total Orders . | . . . . Ally Attacks . | . . . . Total Damage . | . . . . Kills . | . . . . Allies Corrupted . | . . . . Allies Melted . | . . . . Intel | -11 -10 -9 -8 ------- Run | Yrd Mat Mat Mat Active Infowar (turns) . | . . . . Robot Analysis Total . | . . . . Derelict Logs Recovered . | . . . . Drone Launches . | . . . . Drone Recoveries . | . . . . Exploration | -11 -10 -9 -8 ------------- Run | Yrd Mat Mat Mat Turns Passed 1766 | 75 615 797 279 Spaces Moved 724 | 46 279 318 81 Core 4 | 4 . . . Treads . | . . . . Legs 528 | . 129 318 81 Wheels 192 | 42 150 . . Hover . | . . . . Flight . | . . . . Fastest Speed 50 | 50 100 110 112 Average Speed 158 | 95 141 177 181 Slowest Speed 190 | 100 190 190 190 Overloaded Moves . | . . . . Propulsion Burnouts . | . . . . Robots Hopped . | . . . . Potential Cave-ins . | . . . . Cave-ins Triggered . | . . . . Exploration Rate (%) 19 | 4 38 30 7 Regions Visited 3 Branch Regions . Pre-discovered Areas . | . . . . Known Exits Taken . | . . . . Unknown Exits Taken 3 | 1 1 1 . Scrap Searched . | . . . . Spaces Dug . | . . . . Terrain Destroyed 3 | . 2 . 1 Melee . | . . . . Projectile 1 | . . . 1 AOE 2 | . 2 . . Terrain Rammed . | . . . . Walls Destroyed . | . . . . Machines Disabled . | . . . . Actions | -11 -10 -9 -8 --------- Run | Yrd Mat Mat Mat Total 1057 | 64 387 457 149 Wait 78 | . 23 39 16 Move 721 | 45 278 317 81 Hop . | . . . . Pick Up 34 | 6 11 14 3 Fast Attach 13 | 7 1 4 1 Attach 16 | . 3 3 10 Detach 2 | 1 . 1 . Swap 25 | . 12 10 3 Drop 24 | . 5 17 2 Fire 143 | 5 54 51 33 Melee . | . . . . Ram . | . . . . Kick 1 | . . 1 . Crush . | . . . . Escape Stasis . | . . . . Rewire . | . . . . Trap . | . . . . Miscellaneous . | . . . . Route ------- -11/Scrapyard -10/Materials -9/Materials -8/Materials History --------- Turn | Location | Event 14 | -11/Scrapyard | Discovered new exit (range 15) 76 | -11/Scrapyard | Entered Materials 319 | -10/Materials | Build established: Mutant 376 | -10/Materials | Discovered new exit (range 6) 691 | -10/Materials | Entered another Materials area 691 | -9/Materials | Evolved 2 slots: Propulsion x2 716 | -9/Materials | Central database locked down 997 | -9/Materials | Build established: Scavenger-Mutant 1207 | -9/Materials | Destroyed 8 combat bots 1468 | -9/Materials | Discovered new exit (range 10) 1488 | -9/Materials | Entered another Materials area 1488 | -8/Materials | Evolved 2 slots: Utility x2 1563 | -8/Materials | Garrison activated, responded to threat 1626 | -8/Materials | Lost 6 parts (1p2n2u1w) 1767 | -8/Materials | Self-destructed Last Messages --------------- 01741_ Penetrated by Slug. 01743_ X-62 Marksman suffers critical hit (Burn). 01743_ X-62 Marksman destroyed. 01744_ Penetrated by Slug. 01744_ Beam Rifle destroyed. 01744_ K-01 Serf collects debris. 01746_ X-62 Marksman knocked back. 01747_ Penetrated by Slug. 01747_ K-01 Serf collects debris. 01748_ Lgt. Ion Engine destroyed. 01750_ K-01 Serf collects debris. 01756_ Penetrated by Slug. 01756_ Imp. Heat Sink destroyed. 01756_ Critical hit (Burn: +37). 01756_ K-01 Serf collects debris. 01763_ S-10 Pest emerges from the garrison. 01763_ K-01 Serf collects debris. 01764_ S-10 Pest knocked back. 01767_ Aluminum Leg+ destroyed. Map ----- +----------------------------------------------------+ | ????????????????????????????????????????????????? | | ????????????????????????????????????????????????? | | ????????????????????????????????????????????????? | | ????????????????????????????????????????????????? | | ????????????????????????????????????????????????? | | ????????????????????????????????????????????????? | | ????????????????????????????????????????????????? | | ????????????????????????????????????????????????? | | ????????????????????????????????????????????????? | | ????????????????????????????????????????????????? | | ????????????????????????????????????????????????? | | ????????????????????????????????????????????????? | | ????????????????????????????????????????????????? | | ?????????????????????????????##?????????????????? | | ?????????????????????######## ##????????????????? | | ?????????????????????# #????????????????? | | ?????????????????????# #????????????????? | | ?????????????????????# ##########???????? | | ?????????????????????# ===Y # #???????? | | ???????????H?????????# === # """ #???????? | | ?????????????????????# == !# """ #???????? | | ?????????????????????? # """ #???????? | | ???????????#########???? ??# #???????? | | ?????????? #####;##??# """ #???????? | | ?????????? #??# """ #???????? | | ?????????? ^ @ #??# % """ #???????? | | ?????????? " #??# %% #???????? | | ?????????? a "G"=[ ######"######???????? | | ???????????######%] " "sssk #?????????? | | ????????????????# !x % #?????????? | | ????????????????# % % #?????????? | | ????????????????+ % ############?????????? | | ????????????????# / % #????????????????????? | | ????????????????# #????????????????????? | | ????????????????#!! #????????????????????? | | ????????????????#! % #????????????????????? | | ????????????????# #????????????????????? | | ????????????????# #????????????????????? | | ????????????????# """ ?????????????????????? | | ????????????????? """"" ?????????????????????? | | ????????????????? ??????" ?????????????????????? | | ???????????????????????? ??????????????????????? | | ????????????????????????? ??????????????????????? | | ????????????????????????????????????????????????? | | ????????????????????????????????????????????????? | | ????????????????????????????????????????????????? | | ????????????????????????????????????????????????? | | ????????????????????????????????????????????????? | | ????????????????????????????????????????????????? | | ????????????????????????????????????????????????? | +----------------------------------------------------+ Best States ------------- Heat Dissipation 45 Energy Generation 14 Energy Capacity 265 Matter Stores 350 Matter Capacity 350 Sight Range 16 Terrain Scan Density 10 Armor Coverage 150 Evasion (%) 45 Item Schematics ----------------- None Robot Schematics ------------------ None Fabricated ------------ Nothing Repaired ---------- Nothing Studied --------- Aluminum Leg | -9/Materials | Hacked Assault Rifle | -9/Materials | Hacked Lgt. Cannon | -9/Materials | Hacked Alien Tech Used ----------------- None Achievements -------------- None Challenges ------------ None Game ------ Seed ForceZhirovWall Manual? 0 Play Time 00:19:48 Cumulative 45.5 hours Start 2026.09.10 @ 16:06:44 End 2026.09.10 @ 16:23:42 Sessions 1 Manual Loads 0 Difficulty Rogue Special Mode None Game No. 118 Rogue 118 Adventurer 0 Explorer 0 Win Type - Total 0 Types 0/0/0/0/0/0/0/0/0/0 Lore% 10 Gallery% 23 Achievement% 18 Wizard Run 0 Options --------- Layout 1 ASCII 0 Keyboard 1 Movement Numpad Keybinds 0 Fullscreen 1 Font 24/Smallcaps Map View 50x35 Zoom Use 0% Tactical HUD 1 Map Filters NONE Filters NONE Steam 1 RUN: e1760371-ecab-4b33-a130-014dcb56dd8e